 Dungeon Crawl Stone Soup version 0.29-a0-1019-g84f7d21838 (webtiles) character file.

Game seed: 15427718736549217685

54 Sabo the Gusty (level 3, -1/19 HPs)
             Began as a Deep Elf Air Elementalist on Aug 10, 2022.
             Was a Follower of Elyvilon.
             Killed from afar by Sigmund (4 damage)
             ... with a magic dart
             ... on level 2 of the Dungeon.
             The game lasted 00:12:55 (3770 turns).

Sabo the Gusty (Deep Elf Air Elementalist)          Turns: 3770, Time: 00:12:55

Health: -1/19      AC:  2    Str:  5    XL:     3   Next: 66%
Magic:  9/9        EV: 27    Int: 21    God:    Elyvilon [*.....]
Gold:   125        SH:  0    Dex: 15    Spells: 7/8 levels left

rFire   . . .      SeeInvis .   e - +0 hand axe
rCold   . . .      Faith    .   (no shield)
rNeg    . . .      Spirit   .   a - +0 robe
rPois   +          Reflect  .   (no helmet)
rElec   .          Harm     .   (no cloak)
rCorr   .          Rampage  .   (no gloves)
Will    +....                   (no boots)
Stlth   ++........              l - amulet of the acrobat
HPRegen 0.06/turn               d - ring of poison resistance
MPRegen 0.11/turn               g - ring of willpower

@: acrobatic
A: no striking features
a: Renounce Religion, Purification


You were on level 2 of the Dungeon.
You worshipped Elyvilon.
Elyvilon was aware of your devotion.
You visited 1 branch of the dungeon, and saw 2 of its levels.

You collected 125 gold pieces.

Inventory:

Hand Weapons
 e - a +0 hand axe (weapon)
 i - a +0 sling
Missiles
 o - 5 poisoned darts
Armour
 a - a +0 robe (worn)
Jewellery
 d - a ring of poison resistance (left hand)
 f - a ring of willpower
 g - a ring of willpower (right hand)
 l - an amulet of the acrobat (around neck)
 m - a ring of ice
Scrolls
 c - a scroll of silence
 h - 2 scrolls of fear
 k - a scroll of magic mapping
 n - 2 scrolls of identify
 q - a scroll of poison {unknown}
 r - a scroll of blinking {unknown}
Potions
 b - a potion of magic
 j - 2 potions of might {unknown}
 p - 2 potions of curing {unknown}


   Skills:
 + Level 2.6 Dodging
 + Level 3.1 Stealth
 + Level 3.4 Spellcasting
 + Level 1.6 Conjurations
 + Level 3.9 Air Magic


You had 7 spell levels left.
You knew the following spells:

 Your Spells              Type           Power      Damage    Failure   Level
a - Shock                 Conj/Air       60%        1d6       4%          1

Your spell library contained the following spells:

 Spells                   Type           Power      Damage    Failure   Level
 Static Discharge         Conj/Air       15%        3-5/arc   6%          2
 Swiftness                Air            20%        N/A       8%          3
 Airstrike                Air            10%        2d(2-18)  26%         4


Dungeon Overview and Level Annotations

Branches:
Dungeon (2/15)

Altars:
Elyvilon

Annotations:
D:2 Sigmund


Message History

Casting: Shock (safe; 4% risk of failure)
Confirm with . or Enter, or press ? or * to list all spells.
Aiming: Shock (safe; 4% risk of failure)
Press: ? - help, Shift-Dir - straight line, f/p - kobold
Aim: a kobold, wielding a +0 spear (64% to hit)
The zap hits the kobold.
You kill the kobold!
You start resting.
Magic restored.
You now have 87 gold pieces (gained 14).
p - 2 green potions (gained 1)
j - 2 golden potions (gained 1);
r - a scroll labelled CAB DUIRIZXUE You now have 125 gold pieces (gained 38).
You see here a +0 spear.
Sigmund the Dreaded comes into view.
He is wielding a +2 scythe of venom.
Sigmund shouts!
Sigmund points at you and mumbles some strange words.
The puff of flame hits you!
Casting: Shock (safe; 4% risk of failure)
Confirm with . or Enter, or press ? or * to list all spells.
Aiming: Shock (safe; 4% risk of failure)
Press: ? - help, Shift-Dir - straight line, f - Sigmund
Aim: Sigmund, wielding a +2 scythe of venom and wearing a +0 robe (68% to hit)
The zap misses Sigmund.
Sigmund gestures wildly while chanting.
Sigmund flickers and vanishes!
Deactivating autopickup; reactivate with Ctrl-A.
Casting: Shock (safe; 4% risk of failure)
Confirm with . or Enter, or press ? or * to list all spells.
You can't see any susceptible monsters within range! (Use Z to cast anyway.) Unknown command.
A magic dart appears from out of thin air!
The magic dart hits you!
* * * LOW HITPOINT WARNING * * *
A magic dart appears from out of thin air!
The magic dart hits you.
* * * LOW HITPOINT WARNING * * *
A magic dart appears from out of thin air!
The magic dart hits you.
You die...

#.#####.###†# #.#####.#
..........#.# #.#
#.###.....#.######.#####.#
#.##......................
#.###.....#.#.##.{.#####..
#>####...##.#.##.###
#.......[...# ##.#
#######.##### #.# #.# #@#
#######.# #...........
........# ####......##
######### ########


There were no monsters in sight!

Vanquished Creatures
  2 dart slugs
  A ball python (D:1)
  9 bats
  An endoplasm (D:1)
  2 giant cockroaches (D:1)
  6 goblins
  3 hobgoblins (D:1)
  3 jackals (D:2)
  4 quokkas
  6 frilled lizards (D:1)
  6 kobolds
  5 rats
48 creatures vanquished.

Notes
Turn   | Place    | Note
-------+----------+-------------------------------------------
     0 | D:1      | Sabo the Deep Elf Air Elementalist began the quest for the
                  | Orb.
     0 | D:1      | Reached XP level 1. HP: 10/10 MP: 6/6
   438 | D:1      | Reached XP level 2. HP: 15/15 MP: 6/8
   871 | D:1      | Found a faded altar of an unknown god.
   880 | D:1      | Prayed at the altar of an unknown god.
   880 | D:1      | Became a worshipper of Elyvilon the Healer
   880 | D:1      | Reached * piety under Elyvilon
  1806 | D:1      | Reached XP level 3. HP: 16/19 MP: 5/9
  3757 | D:2      | Noticed Sigmund
  3770 | D:2      | Killed from afar by Sigmund

Illustrated notes

Levels and vault maps discovered:
D:1:      heliophobic_arrival_henge, layout_basic,
          shapermc_ecumenical_altar_acropolis, minmay_octomino_e4
D:2:      layout_loops_ring, corexii_item_surrounded_by_moat, uniq_sigmund

Skill      XL: |  1  2 |
---------------+-------+-----
Stealth        | 3 |  3.1
Dodging        | |  2.6
Spellcasting   | |  3.4
Conjurations   | |  1.6
Air Magic      | |  3.9

Action                   || total
-------------------------++-------
Melee: Hand axe          ||    17
 Cast: Shock             ||    66
  Use: Scroll            ||     3
 Stab: Sleeping          ||     1
Armor: Robe              ||     5
Dodge: Dodged            ||    21

Table legend: (Time is in decaauts)
 A = Elapsed time spent in this place.
 B = Non-inter-level travel time spent in this place.
 C = Inter-level travel time spent in this place.
 D = Time resting spent in this place.
 E = Time spent auto-exploring this place.
 F = Levels seen in this place.
 G = Mean time per level.
                   A        B        C        D        E       F      G
               +--------+--------+--------+--------+--------+-----+--------+
         Total |   3775 |   3775 |      0 |   1951 |      0 |   2 | 1887.5 |
       Dungeon |   3775 |   3775 |      0 |   1951 |      0 |   2 | 1887.5 |
               +--------+--------+--------+--------+--------+-----+--------+

Top non-repeatable levels by time:
     D:1: 2565 daAuts
     D:2: 1210 daAuts
